 Dungeon Crawl Stone Soup version 0.31.0-12-g77e489cdc1 (webtiles) character file.

Game seed: 12778217529924226271

1663 Cheops the Ruffian (level 9, -3/56 HPs)
             Began as an Octopode Shapeshifter on Feb 26, 2024.
             Was a Believer of Uskayaw.
             Slain by an ice beast (7 damage)
             ... on level 5 of the Dungeon.
             The game lasted 00:22:53 (4327 turns).

Cheops the Ruffian (Octopode Shapeshifter)          Turns: 4327, Time: 00:22:54

Health: -3/56      AC:  1    Str: 17    XL:     9   Next: 1%
Magic:  9/9        EV: 14    Int: 13    God:    Uskayaw [**....]
Gold:   154        SH:  0    Dex: 11    Spells: 8/8 levels left

rFire   . .          .
                       - Unarmed
rCold   . . .        (no shield)
rNeg    . . .        (helmet restricted)
rPois   .            q - amulet of faith
rElec   .            o - ring of resist corrosion
rCorr   +            (no ring)
SInv    .            (no ring)
Will    .....        (no ring)
Stlth   ++           (no ring)
HPRegen 0.29/turn    (no ring)
MPRegen 0.11/turn    (no ring)
                     (no ring)

%: faith
@: no status effects
A: almost no armour, amphibious, 8 rings, camouflage 1, gelatinous body 1,
(nimble swimmer 1), tentacles
a: Renounce Religion, Stomp, Line Pass


You were on level 5 of the Dungeon.
You worshipped Uskayaw.
Uskayaw was noncommittal.
You visited 2 branches of the dungeon, and saw 7 of its levels.
You also visited: Sewer.

You collected 436 gold pieces.
You spent 282 gold pieces at shops.

Inventory:

Hand Weapons
 a - a +2 dagger of venom
 g - the +5 broad axe of a sewer {freeze, rN+ Str-5 Int-5 Dex+4}
   (You found it on level 5 of the Dungeon)

   Str-5:     It affects your strength (-5).
   Int-5:     It affects your intelligence (-5).
   Dex+4:     It affects your dexterity (+4).
   rN+:       It protects you from negative energy.
Jewellery
 j - an amulet of guardian spirit
 o - a ring of resist corrosion (left tentacle)
 q - an amulet of faith (around mantle)
Talismans
 b - a beast talisman
 c - a flux talisman
Wands
 m - a wand of flame (10)
 u - a wand of charming (4)
Scrolls
 d - a scroll of fog
 h - a scroll of silence
 i - a scroll of fear
 s - 4 scrolls of teleportation {unknown}
 t - 2 scrolls of revelation {unknown}
 v - a scroll of summoning
Potions
 e - a potion of berserk rage {unknown}
 f - 2 potions of lignification
 k - 4 potions of haste {unknown}
 l - 2 potions of mutation {unknown}
 n - a potion of heal wounds {unknown}
 p - 2 potions of brilliance {unknown}
 r - a potion of attraction {unknown}
 w - a potion of enlightenment {unknown}


   Skills:
 - Level 3.0 Fighting
 - Level 5.1 Dodging
 + Level 7.2 Unarmed Combat
 - Level 7.0 Shapeshifting


You had 8 spell levels left.
You didn't know any spells.
Your spell library contained the following spells:

 Spells                   Type           Power      Damage    Failure   Level
 Shock                    Conj/Air       0%         1d3       30%         1
 Swiftness                Air            0%         N/A       67%         3
 Airstrike                Air            0%         2d(0-16)  97%         4
 Leda's Liquefaction      Alch/Erth      0%         N/A       97%         4
 Lee's Rapid Deconstruct  Erth           0%         3d4*      100%        5
 Bombard                  Conj/Erth      0%         9d1       100%        6


Dungeon Overview and Level Annotations

Branches:
Dungeon (6/15)             Temple (1/1) D:4           Sewer (visited)

Altars:
Cheibriados
Dithmenos
Elyvilon
Fedhas
Gozag
Kikubaaqudgha
Nemelex Xobeh
Okawaru
Qazlal
Sif Muna
Trog
Uskayaw
Vehumet
Xom
Yredelemnul
Zin
The Shining One

Shops:
D:3 *   D:4 *

Portals:
Abyss: D:3

Annotations:
D:3 2 transporters, TheBioAlchemist's ghost, amateur GnWr
D:4 !orc warrior


Innate Abilities, Weirdness & Mutations

You cannot wear most types of armour.
You are amphibious.
You can wear up to eight rings at the same time.
Your skin changes colour to match your surroundings (Stealth+).
Your rubbery body absorbs attacks. (AC +1, EV +1)
((You are camouflaged when in or above water. (Stealth+)))
You have tentacles for arms and can constrict up to eight enemies at once.


Message History

You bludgeon the iguana!
The iguana is heavily wounded.
You constrict the iguana.
The iguana hisses menacingly.
The iguana barely misses you.
You tentacle-slap the iguana but do no damage.
You tentacle-slap the iguana, but do no damage.
The iguana is heavily wounded.
You constrict the iguana, but do no damage.
The iguana bites you.
* * * LOW HITPOINT WARNING * * *
Unknown command.
Unknown command.
You tentacle-slap the iguana. x2
You squeeze the iguana, but do no damage.
The iguana is severely wounded.
You constrict the iguana. You tentacle-slap the iguana.
You kill the iguana!
You have reached level 9!
Your experience leads to an increase in your attributes!
Increase (S)trength, (I)ntelligence, or (D)exterity?
You feel stronger. x2
You bludgeon the ice beast! You squeeze the ice beast.
The ice beast is heavily wounded.
The ice beast hits you.
* * * LOW HITPOINT WARNING * * *
The ice beast freezes you!
* * * LOW HITPOINT WARNING * * *
You can now pass through a line of other dancers.
Unknown command.
Unknown command.
Unknown command.
You tentacle-slap the ice beast.
You squeeze the ice beast, but do no damage.
The ice beast is severely wounded.
The ice beast hits you.
* * * LOW HITPOINT WARNING * * *
The ice beast freezes you!
You die...

..#.####≈.≈≈.###.#.# ###≈###
..#.....≈..≈.# #.#.# #...#
..####≈≈~##≈≈# #.#.# #.#.. #.#
####.##≈# #.#.###### ######.
#<######.≈##≈###........###≈~≈≈#.
......).≈~##..####.####...#~≈~≈#.
#.####.≈~.#.....##.####.#.'≈~≈~'.
..# #.≈...#..≈#........###~≈~≈##
### #..#..>.≈≈Y@#.###### #≈~≈≈#
####.##..##.#.#############
#.#...##.#............#
#.#.#.##.##############
#########....###.#
.................#
.########.#...#..# .#
#.###.#..############ .#
#...................#####


You could see an ice beast.

Vanquished Creatures
  Grinder (D:4)
  A yak (D:5)
  Eustachio (D:4)
  A water moccasin (D:5)
  Pargi (D:4)
  An ice beast (D:5)
  An ogre (D:5)
  A phantom (D:5)
  A howler monkey (D:4)
  A bombardier beetle (D:3)
  3 hounds
  An orc priest (D:3)
  A sleepcap (D:5)
  3 iguanas (D:5)
  A hell rat (Sewer)
  3 river rats (Sewer)
  9 adders
  A dart slug (D:3)
  3 ribbon worms
  8 orcs
  6 endoplasms
  2 giant cockroaches
  11 goblins
  8 hobgoblins
  11 jackals
  2 quokkas
  6 ball pythons
  2 bats
  3 frilled lizards
  7 kobolds
  9 rats
110 creatures vanquished.

Vanquished Creatures (collateral kills)
  2 yaks (D:5)
2 creatures vanquished.

Grand Total: 112 creatures vanquished

Notes
Turn   | Place    | Note
-------+----------+-------------------------------------------
     0 | D:1      | Cheops the Octopode Shapeshifter began the quest for the
                  | Orb.
     0 | D:1      | Reached XP level 1. HP: 13/13 MP: 1/1
    29 | D:1      | Reached XP level 2. HP: 4/19 MP: 2/2
   357 | D:1      | Reached XP level 3. HP: 18/25 MP: 3/3
   956 | D:2      | Reached XP level 4. HP: 28/31 MP: 2/4
  1512 | D:3      | Found a one-way gate to the infinite horrors of the Abyss.
  1512 | D:3      | Noticed TheBioAlchemist's ghost (amateur GnWr)
  1519 | D:3      | Noticed a small abomination
  1521 | D:3      | Found a transporter.
  1525 | D:3      | Found a transporter.
  1526 | D:3      | Noticed a small abomination
  1725 | D:3      | Noticed an ancient zyme
  1795 | D:3      | Found Fedioc's Assorted Antiques.
  1834 | D:3      | Reached skill level 5 in Unarmed Combat
  1834 | D:3      | Reached XP level 5. HP: 24/36 MP: 3/5
  1962 | D:3      | Bought a thin diamond amulet for 120 gold pieces
  2220 | D:4      | Noticed Eustachio
  2230 | D:4      | Killed Eustachio
  2231 | D:4      | Reached XP level 6. HP: 42/42 MP: 6/6
  2260 | D:4      | Reached skill level 5 in Shapeshifting
  2423 | D:4      | Noticed Grinder
  2436 | D:4      | Killed Grinder
  2437 | D:4      | Reached XP level 7. HP: 46/46 MP: 7/7
  2521 | D:4      | Found a staircase to the Ecumenical Temple.
  2530 | Temple   | Entered the Ecumenical Temple
  2545 | Temple   | Became a worshipper of Uskayaw the Reveller
  2599 | D:4      | Noticed Pargi
  2607 | D:4      | Reached * piety under Uskayaw
  2609 | D:4      | Reached ** piety under Uskayaw
  2611 | D:4      | Killed Pargi
  2802 | D:4      | Found Tiugek's General Store.
  2810 | D:4      | Bought a scroll of summoning for 114 gold pieces
  2810 | D:4      | Bought a scroll of identify for 24 gold pieces
  2810 | D:4      | Bought a scroll of identify for 24 gold pieces
  2869 | D:4      | Found a glowing silver altar of Zin.
  3078 | D:5      | Entered Level 5 of the Dungeon
  3123 | D:5      | Reached *** piety under Uskayaw
  3125 | D:5      | Reached **** piety under Uskayaw
  3127 | D:5      | Noticed a yak
  3130 | D:5      | Found a shadowy altar of Dithmenos.
  3142 | D:5      | Noticed a yak
  3144 | D:5      | Noticed a yak
  3168 | D:5      | Killed a yak
  3169 | D:5      | Reached XP level 8. HP: 18/52 MP: 8/8
  3176 | D:5      | Killed a yak
  3228 | D:5      | Killed a yak
  3229 | D:5      | Reached skill level 5 in Dodging
  3386 | D:5      | Reached ***** piety under Uskayaw
  3400 | D:5      | Identified the +5 broad axe of a sewer {freeze, rN+ Str-5
                  | Int-5 Dex+4}
  3472 | D:5      | Found a glowing drain.
  3502 | Sewer    | Entered a sewer
  3979 | D:5      | Found a glowing golden altar of the Shining One.
  4326 | D:5      | Reached XP level 9. HP: 24/56 MP: 9/9
  4327 | D:5      | Slain by an ice beast

Illustrated notes

Levels and vault maps discovered:
D:1:      elethiomel_arrival_shortcut, layout_rooms
D:2:      layout_loops_ring, minmay_crystal_room
D:3:      layout_basic, serial_shops, nicolae_shop_overgrown_old_shop,
          gammafunk_ghost_abyssal_escape
D:4:      minmay_thick_lines, layout_loops_ring, mainiacjoe_overflow_two_lobes,
          zin_statuary, minmay_temple_entry_antechambers, serial_shops, shop,
          uniq_grinder, uniq_pargi, uniq_eustachio, uniq_crazy_yiuf_cottage
D:5:      layout_loops_ring, nicolae_overflow_two_pavilions,
          portal_sewer_entry_a, serial_rivers, chequers_serial_rivers_micro_a,
          chequers_serial_rivers_room_b, chequers_serial_rivers_micro_e,
          chequers_serial_rivers_small_b, chequers_serial_rivers_small_3,
          chequers_serial_rivers_large_a
D:6:      layout_basic, gammafunk_ghost_grave
Temple:   compressed_dpeg_circular_temple

Skill      XL: |  1  2  3  4  5  6  7  8 |
---------------+-------------------------+-----
Fighting       | 2 3 |  3.0
Unarmed Combat | 5 7 |  7.2
Shapeshifting  | 4 6 7 |  7.0
Dodging        | 3 5 |  5.1

Action                     |  1- 3 |  4- 6 |  7- 9 || total
---------------------------+-------+-------+-------++-------
  Melee: Unarmed           |    66 |    67 |   111 ||   244
         Constrict         |    20 |    21 |    24 ||    65
         Tentacles         |    16 |    19 |    29 ||    64
         Punch             |     2 |     1 |     4 ||     7
 Invoke: Line Pass         |       |       |     1 ||     1
Ability: Begin Untransform |     1 |     2 |     1 ||     4
  Evoke: Wand              |       |       |    14 ||    14
    Use: Scroll            |       |       |     6 ||     6
   Stab: Sleeping          |     1 |     2 |     2 ||     5
         Paralysed         |       |       |     2 ||     2
 Armour: Skin              |    28 |    19 |    44 ||    91
  Dodge: Dodged            |    31 |    35 |    72 ||   138
   Form: Beast             |     1 |     2 |       ||     3
         Flux              |       |       |     1 ||     1
